 Dungeon Crawl Stone Soup version 0.20.1-1-g8b1a95d (webtiles) character file.

1393 gobwax the Digger (level 8, -1/46 HPs)
             Began as an Octopode Earth Elementalist on Aug 12, 2017.
             Slain by a gnoll
             ... wielding a +0 flail
              (14 damage)
             ... on level 4 of the Dungeon.
             The game lasted 00:21:31 (5593 turns).

gobwax the Digger (Octopode Earth Elementalist)     Turns: 5593, Time: 00:21:32

Health: -1/46      AC:  1    Str:  8    XL:     8   Next: 68%
Magic:  12/17      EV: 13    Int: 19    God:
Gold:   374        SH:  0    Dex: 12    Spells: 7/20 levels left

rFire    . . .     SeeInvis .   e - +0 whip (elec)
rCold    . . .     Gourm    .   (no shield)
rNeg     . . .     Faith    .   (helmet restricted)
rPois    .         Spirit   .   (no amulet)
rElec    .         Reflect  .   (no ring)
rCorr    .         Harm     .   (no ring)
MR       .....                  (no ring)
Stlth    +++.......             (no ring)
Regen    0.2/turn               (no ring)
MPRegen  0.2/turn               (no ring)
                                (no ring)
                                (no ring)

@: very slightly contaminated
A: almost no armour, stealthy swim, amphibious, 8 rings, constrict 8, camouflage
1, gelatinous body 1
a: no special abilities


You were on level 4 of the Dungeon.
You were very hungry.

You visited 1 branch of the dungeon, and saw 4 of its levels.

You collected 374 gold pieces.

Inventory:

Hand Weapons
 e - a +0 whip of electrocution (weapon)
 o - a +0 dagger of holy wrath
Missiles
 b - 234 stones (quivered)
Wands
 t - a wand of lightning (5/15)
Scrolls
 g - a scroll of remove curse
 j - a scroll of immolation {unknown}
 k - 6 scrolls of identify {unknown}
 l - 2 scrolls of enchant armour {unknown}
 m - a scroll of noise {unknown}
 n - 2 scrolls of magic mapping {unknown}
 q - a scroll of blinking {unknown}
 s - a scroll of fear {unknown}
 v - a scroll of teleportation {unknown}
Potions
 h - a potion of curing
 i - a potion of might {unknown}
 r - a potion of cancellation {unknown}
 u - a potion of degeneration {unknown}
 w - a potion of brilliance {unknown}
 z - a potion of mutation {unknown}
Books
 d - a book of Geomancy

   Spells                             Type                      Level
   a - Sandblast                      Earth                        1
   b - Passwall                       Transmutation/Earth          2
   c - Stone Arrow                    Conjuration/Earth            3
   d - Petrify                        Transmutation/Earth          4
   e - Lee's Rapid Deconstruction     Earth                        5
Comestibles
 a - 4 fruits
 c - 6 bread rations
 f - 2 meat rations
 p - 2 royal jellies


   Skills:
 - Level 2.0 Dodging
 - Level 2.6 Stealth
 + Level 6.5 Spellcasting
 * Level 4.2 Conjurations
 + Level 1.0 Transmutations
 + Level 7.1 Earth Magic


You had 7 spell levels left.
You knew the following spells:

 Your Spells              Type           Power        Failure   Level  Hunger
a - Sandblast             Erth           ####..       1%          1    None
b - Stone Arrow           Conj/Erth      ####..       3%          3    ##.....
c - Lee's Rapid Deconstr  Erth           ####......   16%         5    #####..
d - Petrify               Tmut/Erth      ###.....     21%         4    ####...


Dungeon Overview and Level Annotations

Branches:
Dungeon (4/15)
 Temple: D:4-7

Altars:


Innate Abilities, Weirdness & Mutations

You cannot wear most types of armour.
You are very stealthy in the water. (Stealth+)
You are amphibious.
You can wear up to eight rings at the same time.
You can use your tentacles to constrict eight enemies at once.
Your skin changes colour to match your surroundings (Stealth+).
Your rubbery body absorbs attacks. (AC +1, EV +1)


Message History

The gnoll shouts!
You grab the gnoll. You constrict the gnoll. The gnoll closely misses you.
You hit the gnoll. Lightning courses through the gnoll!
You kill the gnoll!
The gnoll misses you.
The gnoll hits you from afar with a spear.
The gnoll hits you with a flail! The gnoll misses you.
Found 11 poisoned needles.
There is an open door here.
The gnoll hits you from afar with a spear.
* * * LOW HITPOINT WARNING * * *
Casting: Sandblast
Confirm with . or Enter, or press ? or * to list all spells.
Aiming: Lee's Rapid Deconstruction
Press: ? - help, Dir - move target cursor You miscast Lee's Rapid Deconstruction.
You are very lightly contaminated with residual magic.
You feel a surge of energy from the ground.
The gnoll hits you with a flail!
You die...

gg....'.#.≈≈≈.. ......#.#.≈≈≈..
################)#.≈≈≈..
........'.#......#.≈≈≈..
........#.#.)))..#.≈≈≈..
........#.#.).##.#.≈≈≈..
...(..gg#.#....#.#.≈≈≈..
######g###....#)#.≈≈≈..
#.....@..)....#'###≈)..
#######################'#...#≈≈..
..........)..)..........#...#≈≈..
≈≈≈≈≈≈≈≈≈≈≈≈≈≈≈≈≈)≈≈≈)≈≈#####≈≈..
≈≈≈≈≈≈≈≈≈≈≈≈≈≈≈≈)≈≈≈≈≈≈≈≈≈≈≈≈≈≈..
≈≈≈≈≈≈≈≈≈≈≈≈≈≈≈≈≈≈≈≈≈≈≈≈≈≈≈≈≈≈≈..
...P................P............
.P..................).......P....
#################################


You could see 3 gnolls.

Vanquished Creatures
  2 phantoms (D:4)
  6 big kobolds (D:3)
  A bullfrog (D:4)
  2 orc priests (D:4)
  A gnoll shaman (D:4)
  Jessica (D:3)
  An iguana (D:4)
  2 orc wizards
  2 worker ants
  Robin (D:2)
  7 adders
  19 gnolls
  3 oozes (D:3)
  5 worms
  5 dart slugs
  A leopard gecko (D:3)
  14 orcs
  A ball python (D:2)
  6 bats
  3 giant cockroaches
  21 goblins
  10 hobgoblins
  22 jackals
  8 frilled lizards
  58 kobolds
  14 rats
216 creatures vanquished.

Notes
Turn   | Place    | Note
-------+----------+-------------------------------------------
     0 | D:1      | gobwax the Octopode Earth Elementalist began the quest for the Orb.
     0 | D:1      | Reached XP level 1. HP: 11/11 MP: 3/3
   129 | D:1      | Reached XP level 2. HP: 16/17 MP: 0/5
   742 | D:2      | Reached XP level 3. HP: 11/21 MP: 3/6
   888 | D:2      | Reached skill level 4 in Earth Magic
  1151 | D:2      | Reached XP level 4. HP: 27/27 MP: 7/7
  1208 | D:2      | Noticed Robin
  1239 | D:2      | Killed Robin
  1725 | D:2      | Learned a level 3 spell: Stone Arrow
  1917 | D:2      | Reached XP level 5. HP: 23/31 MP: 9/9
  2356 | D:3      | Learned a level 5 spell: Lee's Rapid Deconstruction
  2624 | D:3      | Reached skill level 5 in Earth Magic
  2883 | D:3      | Reached skill level 1 in Conjurations
  3197 | D:3      | Noticed a big kobold
  3197 | D:3      | Noticed a big kobold
  3197 | D:3      | Noticed a big kobold
  3197 | D:3      | Noticed a big kobold
  3241 | D:3      | Killed a big kobold
  3241 | D:3      | Reached XP level 6. HP: 28/36 MP: 2/11
  3359 | D:3      | Reached XP level 7. HP: 34/41 MP: 8/13
  3384 | D:3      | Noticed Jessica
  3392 | D:3      | Killed Jessica
  3943 | D:3      | Reached skill level 6 in Earth Magic
  4104 | D:3      | Reached skill level 5 in Spellcasting
  4627 | D:4      | Reached XP level 8. HP: 38/46 MP: 14/16
  5130 | D:4      | Reached skill level 7 in Earth Magic
  5518 | D:4      | Learned a level 4 spell: Petrify
  5593 | D:4      | Slain by a gnoll

Skill      XL: |  1  2  3  4  5  6  7  8 |
---------------+-------------------------+-----
Earth Magic    | 4 5 6 7 |  7.1
Spellcasting   | 3 4 5 6 |  6.5
Conjurations   | 1 2 3 4 |  4.2
Dodging        | |  2.0
Stealth        | |  2.6
Transmutations | |  1.0

Action                   |  1- 3 |  4- 6 |  7- 9 || total
-------------------------+-------+-------+-------++-------
Melee: Whip              |    41 |   104 |   154 ||   299
       Constrict         |    15 |    28 |    36 ||    79
       Tentacles         |     6 |    13 |    29 ||    48
       Unarmed           |     1 |       |       ||     1
 Cast: Sandblast         |    19 |    53 |    58 ||   130
       Stone Arrow       |       |     8 |     4 ||    12
       Lee's Rapid Decon |       |       |     7 ||     7
  Use: Potion            |       |       |     3 ||     3
       Scroll            |       |       |     1 ||     1
 Stab: Sleeping          |     5 |     4 |     5 ||    14
       Distracted        |       |       |     1 ||     1
  Eat: Chunk             |     1 |     8 |     9 ||    18
Armor: Skin              |     1 |     5 |     9 ||    15
Dodge: Dodged            |    24 |    80 |   122 ||   226
